 Dungeon Crawl Stone Soup version 0.24-a0-269-g32ec7ca (webtiles) character file.

Game seed: 13476341368336499295

3586 Hasart the Martial Artist (level 10, -1/69 HPs)
             Began as an Octopode Monk on Apr 21, 2019.
             Slain by a bullfrog (8 damage)
             ... on level 8 of the Dungeon.
             The game lasted 00:17:24 (8572 turns).

Hasart the Martial Artist (Octopode Monk)           Turns: 8572, Time: 00:17:24

Health: -1/69      AC:  3    Str: 11    XL:     10   Next: 10%
Magic:  14/14      EV: 17    Int: 12    God:
Gold:   217        SH:  5    Dex: 18    Spells: 9/9 levels left

rFire    . . .     SeeInvis +     - Unarmed
rCold    . . .     Gourm    .   G - +0 buckler
rNeg     . . .     Faith    .   w - +2 hat
rPois    .         Spirit   .   (no amulet)
rElec    .         Reflect  .   y - ring of see invisible
rCorr    .         Harm     .   (no ring)
MR       .....                  (no ring)
Stlth    +++++.....             (no ring)
HPRegen  0.21/turn              (no ring)
MPRegen  0.14/turn              (no ring)
                                (no ring)
                                (no ring)

@: no status effects
A: almost no armour, stealthy swim, amphibious, 8 rings, constrict 8, camouflage
1, gelatinous body 1
a: no special abilities


You were on level 8 of the Dungeon.
You were near starving.

You visited 2 branches of the dungeon, and saw 9 of its levels.
You also visited: Ossuary.

You collected 289 gold pieces.
You spent 72 gold pieces at shops.

Inventory:

Missiles
 q - 3 throwing nets (quivered)
Armour
 w - a +2 hat (worn)
 G - a +0 buckler (worn)
Jewellery
 y - a ring of see invisible (left tentacle)
Wands
 l - a wand of scattershot (1)
 r - a wand of acid (4)
 s - a wand of random effects (19)
 u - a wand of disintegration (14)
 A - a wand of digging (11)
Scrolls
 c - 2 scrolls of teleportation {unknown}
 d - 12 scrolls of identify {unknown}
 g - a scroll of noise {unknown}
 i - a scroll of fog {unknown}
 k - 3 scrolls of amnesia {unknown}
 m - 2 scrolls of blinking {unknown}
 p - a scroll of magic mapping {unknown}
 t - a scroll of fear {unknown}
 v - 3 scrolls of enchant armour {unknown}
 B - 2 scrolls of remove curse {unknown}
 F - a scroll of silence {unknown}
 H - a scroll of immolation {unknown}
Potions
 b - a potion of lignification {unknown}
 e - a potion of ambrosia {unknown}
 f - 2 potions of curing
 h - 5 potions of heal wounds
 j - 2 potions of flight {unknown}
 n - a potion of cancellation {unknown}
 o - a potion of invisibility {unknown}
 x - a potion of haste
 z - a potion of might {unknown}
 C - 2 potions of brilliance {unknown}
 D - 2 potions of mutation {unknown}
 E - a potion of experience {unknown}
 I - a potion of magic {unknown}
Comestibles
 a - 16 rations


   Skills:
 + Level 6.5 Fighting
 + Level 6.5 Dodging
 + Level 8.7 Stealth
 + Level 2.0 Shields
 * Level 8.9 Unarmed Combat
 + Level 5.3 Evocations


You had 9 spell levels left.
You didn't know any spells.
Your spell library contained the following spells:

 Spells                   Type           Power        Failure   Level  Hunger
 Magic Dart               Conj           #...         38%         1    ##.....
 Blink                    Tloc           N/A          54%         2    ###....
 Call Imp                 Summ           #.......     54%         2    ###....
 Shroud of Golubria       Chrm/Tloc      #.........   54%         2    ###....
 Slow                     Hex            #.......     54%         2    ###....
 Conjure Flame            Conj/Fire      #.......     77%         3    ####...
 Gell's Gravitas          Tloc           #.........   77%         3    ####...
 Lesser Beckoning         Tloc           #.........   77%         3    ####...
 Mephitic Cloud           Conj/Pois/Air  #.......     77%         3    ####...
 Teleport Other           Tloc           #.......     77%         3    ####...
 Passage of Golubria      Tloc           N/A          99%         4    #####..


Dungeon Overview and Level Annotations

Branches:
Dungeon (9/15)             Temple (1/1) D:6
   Lair: D:8-11         Orc: D:9-12

Altars:
Dithmenos
Elyvilon
Fedhas
Hepliaklqana
Kikubaaqudgha
Makhleb
Nemelex Xobeh
Okawaru
Qazlal
Sif Muna
Trog
Uskayaw
Vehumet
Wu Jian
Xom
Yredelemnul
Zin
The Shining One

Shops:
D:5 !   D:9 (


Innate Abilities, Weirdness & Mutations

You cannot wear most types of armour.
You are very stealthy in the water. (Stealth+)
You are amphibious.
You can wear up to eight rings at the same time.
You can use your tentacles to constrict eight enemies at once.
Your skin changes colour to match your surroundings (Stealth+).
Your rubbery body absorbs attacks. (AC +1, EV +1)


Message History

You climb upwards.
There is a stone staircase leading down here.
You tentacle-slap the kobold.
You kill the kobold!
Your Shields skill increases to level 2!
The bullfrog swells and bulges.
The bullfrog hits you!
* * * LOW HITPOINT WARNING * * *
The bullfrog barely misses you.
You bludgeon the bullfrog! Your grab misses the bullfrog.
Your squeeze misses the bullfrog.
The bullfrog is heavily wounded.
The bullfrog closely misses you.
You closely miss the bullfrog. You grab the bullfrog.
The bullfrog is heavily wounded.
You constrict the bullfrog. You block the bullfrog's attack.
You barely miss the bullfrog. You squeeze the bullfrog.
The bullfrog is severely wounded.
You constrict the bullfrog. The bullfrog hits you!
You die...

#.###...........# #.##.##.
#.....########..#####.##....
####..# #...................
#..# #.#.....####.####..[
#..# #.#(....# #.# ###.
#..###.#...#.# #.# #.
#.........##.# #.# ##
##.#.....†##.# #.#
##.#....@.##.# #.#
#.......F.##.# #.#
#..#......##.# #.#
#............####.#######
#.######.................
#.# ##[###.########### #.#
#..##.# #.# ##.##.# #.#
#.##.########


You could see a bullfrog.

Vanquished Creatures
  Erica (D:8)
  2 hippogriffs
  A wraith (Ossuary)
  Edmund (D:6)
  2 ice beasts
  An orc warrior (D:6)
  A black bear (D:7)
  A sky beast (D:5)
  5 ogres
  2 centaurs
  Blork the orc (D:5)
  A big kobold (D:5)
  2 bullfrogs (D:6)
  2 scorpions
  3 crimson imps
  A quasit (D:8)
  2 bullfrog zombies (D:6)
  3 hounds
  6 orc priests
  A bullfrog skeleton (D:8)
  2 orc wizards
  Ijyb (D:5)
  3 worker ants
  A mummy (Ossuary)
  A worker ant zombie (D:9)
  9 adders
  3 gnolls (D:7)
  A shadow imp (D:7)
  3 worms
  A dart slug (D:1)
  3 leopard geckos
  12 orcs
  4 giant cockroaches
  7 hobgoblins
  18 kobolds
  4 quokkas
  A ball python (D:3)
  11 bats
  4 frilled lizards
  7 gnoll skeletons (Ossuary)
  9 goblins
  5 kobold skeletons (Ossuary)
  A leopard gecko skeleton (D:5)
  13 orc skeletons (Ossuary)
  11 rats
174 creatures vanquished.

Notes
Turn   | Place    | Note
-------+----------+-------------------------------------------
     0 | D:1      | Hasart the Octopode Monk began the quest for the Orb.
     0 | D:1      | Reached XP level 1. HP: 16/16 MP: 1/1
   274 | D:1      | Reached XP level 2. HP: 15/21 MP: 2/2
   859 | D:1      | Reached XP level 3. HP: 26/26 MP: 3/3
  2089 | D:3      | Reached XP level 4. HP: 31/31 MP: 4/4
  2466 | D:3      | Found an iron altar of Okawaru.
  2502 | D:3      | Found a glowing golden altar of the Shining One.
  2640 | D:3      | Reached XP level 5. HP: 29/36 MP: 5/5
  2977 | D:3      | You fall through a shaft for 2 floors!
  2977 | D:5      | Entered Level 5 of the Dungeon
  3144 | D:5      | Reached XP level 6. HP: 35/43 MP: 6/6
  3209 | D:5      | Noticed Ijyb
  3215 | D:5      | Killed Ijyb
  3584 | D:5      | Noticed Blork the orc
  3596 | D:5      | Killed Blork the orc
  3596 | D:5      | Reached skill level 5 in Unarmed Combat
  3675 | D:5      | Noticed a sky beast
  3683 | D:5      | Killed a sky beast
  3683 | D:5      | Reached skill level 5 in Stealth
  3683 | D:5      | Reached skill level 1 in Evocations
  3683 | D:5      | Reached XP level 7. HP: 12/48 MP: 7/7
  3905 | D:5      | Found Feteheak's Distillery.
  3913 | D:5      | Bought a potion of heal wounds for 60 gold pieces
  3913 | D:5      | Bought a potion of degeneration for 12 gold pieces
  4047 | D:5      | Found a hide-covered altar of Uskayaw.
  5064 | D:5      | Found a glowing silver altar of Zin.
  5343 | D:6      | Noticed Edmund
  5356 | D:6      | Killed Edmund
  5356 | D:6      | Reached XP level 8. HP: 10/54 MP: 9/9
  5746 | D:6      | Reached skill level 5 in Dodging
  6002 | D:6      | Reached skill level 5 in Fighting
  6177 | D:6      | Found a staircase to the Ecumenical Temple.
  6194 | Temple   | Entered the Ecumenical Temple
  7095 | D:7      | Reached XP level 9. HP: 60/61 MP: 11/11
  7246 | D:7      | Found a sand-covered staircase.
  7253 | Ossuary  | Entered an ossuary
  8288 | D:8      | Noticed Erica
  8301 | D:8      | Killed Erica
  8301 | D:8      | Reached skill level 1 in Shields
  8301 | D:8      | Reached skill level 5 in Evocations
  8301 | D:8      | Reached XP level 10. HP: 27/69 MP: 13/13
  8502 | D:9      | Found Toreid's Antique Weapon Shoppe.
  8572 | D:8      | Slain by a bullfrog

Levels and vault maps discovered:
D:1:      lemuel_arrival_cross, layout_basic
D:2:      layout_loops_cross, first_ration, chequers_serial_rivers_room_a
D:3:      layout_basic, kennysheep_okawaru_gauntlet, tso_metal_star,
          minmay_checkerbox
D:5:      layout_loops_corners, eat_drink_and_be_merry_uskayaw, zin_treasury,
          serial_shops, shop, uniq_blork_the_orc, uniq_ijyb
D:6:      layout_basic, minmay_temple_entry_offerings, uniq_edmund
D:7:      layout_basic, nicolae_ossuary_entry_monument, grunt_ogre_cave
D:8:      layout_loops_ring, mrwooster_statue_mirror, uniq_erica
D:9:      layout_loops_ring, old_standard_altar, nicolae_ru_awakened_eye,
          grunt_temple_overflow_open, serial_shops, nicolae_shop_waterfront,
          shop, nicolae_shop_trees, shop, basic_altar, uniq_pikel
Temple:   eino_narrow_crystal_temple
Ossuary:  ossuary_due_mausoleum

Skill      XL: |  1  2  3  4  5  6  7  8  9 10 |
---------------+-------------------------------+-----
Stealth        | 3 4 5 6 7 8 |  8.7
Unarmed Combat | 4 5 6 7 8 |  8.9
Dodging        | 4 5 6 |  6.5
Fighting       | 4 5 6 |  6.5
Evocations     | 1 2 3 5 |  5.3
Shields        | 1 2 |  2.0

Action                   |  1- 3 |  4- 6 |  7- 9 | 10-12 || total
-------------------------+-------+-------+-------+-------++-------
Melee: Unarmed           |   102 |    85 |   252 |    24 ||   463
       Constrict         |    26 |    19 |    58 |     3 ||   106
       Tentacles         |    16 |    18 |    67 |     7 ||   108
       Punch             |     3 |     1 |     9 |     2 ||    15
Evoke: Wand              |       |       |    19 |     3 ||    22
  Use: Potion            |       |       |     1 |       ||     1
 Stab: Sleeping          |    21 |    12 |    15 |     1 ||    49
       Distracted        |       |       |     1 |       ||     1
  Eat: Chunk             |     4 |     5 |    10 |       ||    19
       Ration            |       |       |     1 |       ||     1
Armor: Skin              |    12 |     5 |    12 |     2 ||    31
Dodge: Dodged            |    53 |    50 |   144 |    39 ||   286
Block: Buckler           |       |       |       |     7 ||     7

Table legend:
 A = Non-vault XP
 B = Vault XP
 C = Vault XP percentage of total XP
 D = Non-vault monster count
 E = Vault monster count
 F = Vault count percentage of total count
                 A         B        C        D         E       F
            +---------+---------+-------+---------+---------+-------
      Total |    3526 |    1598 |  31.2 |     136 |      38 |  21.8
            +---------+---------+-------+---------+---------+-------
        D:1 |      34 |       0 |   0.0 |      22 |       0 |   0.0
        D:2 |      39 |       0 |   0.0 |      24 |       0 |   0.0
        D:3 |     159 |      10 |   5.9 |      20 |       6 |  23.1
        D:5 |     723 |     135 |  15.7 |      25 |       2 |   7.4
        D:6 |     649 |     176 |  21.3 |      16 |       1 |   5.9
        D:7 |     762 |     118 |  13.4 |      14 |       1 |   6.7
        D:8 |     749 |     907 |  54.8 |      11 |       1 |   8.3
        D:9 |     411 |       0 |   0.0 |       4 |       0 |   0.0
    Ossuary |       0 |     252 | 100.0 |       0 |      27 | 100.0
            +---------+---------+-------+---------+---------+-------
